 Dungeon Crawl Stone Soup version 0.31.0-11-ge490571c62 (webtiles) character file.

Game seed: 14031039521242156215

453 DemonSlayer the Magician (level 6, -4/42 HPs)
             Began as a Demonspawn Earth Elementalist on Jan 31, 2024.
             Incinerated by a bombardier beetle (6 damage)
             ... with a burning spray
             ... on level 4 of the Dungeon.
             The game lasted 00:08:46 (4241 turns).

DemonSlayer the Magician (DsEE)                     Turns: 4241, Time: 00:08:47

Health: -4/42      AC:  7    Str:  8    XL:     6   Next: 75%
Magic:  0/12       EV: 12    Int: 16    God:
Gold:   205        SH:  0    Dex: 15    Spells: 10/14 levels left

rFire   . . .        c - +1 dagger
rCold   . . .        (no shield)
rNeg    . . .        j - +2 robe
rPois   .            e - +0 helmet
rElec   .            (no cloak)
rCorr   .            p - +0 pair of gloves
SInv    .            (no boots)
Will    .....        (no amulet)
Stlth   +            (no ring)
HPRegen 0.27/turn    (no ring)
MPRegen 0.13/turn

%: no passive effects
@: mighty, on fire, very slightly contaminated, glowing
A: hooves 1, powered by death 1, powered by pain 1, sharp scales 1
a: no special abilities


You were on level 4 of the Dungeon.
You visited 1 branch of the dungeon, and saw 4 of its levels.

You collected 205 gold pieces.

Inventory:

Hand Weapons
 c - a +1 dagger (weapon)
Armour
 e - a +0 helmet (worn)
 j - a +2 robe (worn)
 p - a +0 pair of gloves (worn)
Scrolls
 a - a scroll of immolation
Potions
 b - a potion of magic
 d - 2 potions of brilliance
 i - a potion of invisibility {unknown}
 m - a potion of degeneration {unknown}
 o - 2 potions of might


   Skills:
 + Level 0.6 Fighting
 + Level 0.8 Short Blades
 + Level 2.3 Dodging
 + Level 2.9 Stealth
 + Level 4.6 Spellcasting
 + Level 1.1 Conjurations
 + Level 4.5 Earth Magic


You had 10 spell levels left.
You knew the following spells:

 Your Spells              Type           Power      Damage    Failure   Level
a - Sandblast             Erth           36%        2d10      2%          1
b - Stone Arrow           Conj/Erth      24%        3d8       16%         3

Your spell library contained the following spells:

 Spells                   Type           Power      Damage    Failure   Level
 Passwall                 Erth           18%        N/A       8%          3
 Brom's Barrelling Bould  Conj/Erth      12%        2d4       45%         4
 Petrify                  Alch/Erth      10%        N/A       52%         4


Dungeon Overview and Level Annotations

Branches:
Dungeon (4/15)
 Temple: D:4-7

Altars:
Yredelemnul

Annotations:
D:2 1 runed translucent door, Crazy Yiuf


Innate Abilities, Weirdness & Mutations

You have large cloven feet.
You regenerate a little health from kills.
You sometimes gain a little power by taking damage.
You are partially covered in razor-sharp scales. (AC +1, Slay +1)


Message History

The blast of sand hits the bombardier beetle.
The bombardier beetle is severely wounded.
The liquid fire burns you! The bombardier beetle misses you.
The blast of sand hits the bombardier beetle.
The bombardier beetle is almost dead.
The liquid fire burns you!
The bombardier beetle sprays incendiary fluid at you.
The burning spray hits you.
You are even more covered in liquid fire!
You miscast Sandblast.
You are very lightly contaminated with residual magic.
Nothing appears to happen.
The liquid fire burns you!
The bombardier beetle sprays incendiary fluid at you.
The burning spray hits you.
You are even more covered in liquid fire!
You are too injured to fight recklessly!
Casting: Sandblast (safe; 2% risk of failure)
Confirm with . or Enter, or press ? or * to list all spells.
Aiming: Sandblast (safe; 2% risk of failure)
Press: ? - help, Shift-Dir - straight line, f/p - bombardier beetle
Aim: a bombardier beetle (almost dead, 89% to hit)
The blast of sand hits the bombardier beetle.
You kill the bombardier beetle!
The liquid fire burns you!
* * * LOW HITPOINT WARNING * * *
Unknown command.
You feel better. The liquid fire burns you!
You shake off some of the fire as you move.
The liquid fire burns you!
* * * LOW HITPOINT WARNING * * *
You shake off some of the fire as you move.
The liquid fire burns you!
* * * LOW HITPOINT WARNING * * *
It was a potion of might.
You feel very mighty all of a sudden. The liquid fire burns you!
You die...

#.# +# #.# .# #.#
.# #####.### #.##
#.......# ...##
#.###.#.# ....# #.#
#.#.# ##...# #.#
#.#.#######.)..#
#.#
#......[.@..#..>B..
#.# ###.#########
##### #.# #.#
#.#####.# #.......#
#########


There were no monsters in sight!

Vanquished Creatures
  Sigmund (D:2)
  A scorpion (D:3)
  A bombardier beetle (D:4)
  Jessica (D:2)
  Natasha (D:3)
  2 orc wizards (D:4)
  2 adders (D:3)
  A dart slug (D:1)
  A ribbon worm (D:2)
  3 orcs
  6 ball pythons
  6 bats
  8 endoplasms
  5 giant cockroaches
  4 goblins
  7 hobgoblins
  7 jackals
  3 frilled lizards
  5 kobolds
  8 rats
73 creatures vanquished.

Notes
Turn   | Place    | Note
-------+----------+-------------------------------------------
     0 | D:1      | DemonSlayer the Demonspawn Earth Elementalist began the
                  | quest for the Orb.
     0 | D:1      | Reached XP level 1. HP: 13/13 MP: 3/3
    91 | D:1      | Gained mutation: You regenerate a little health from kills.
                  | [demonic ancestry]
    91 | D:1      | Reached XP level 2. HP: 11/19 MP: 0/5
   840 | D:1      | Gained mutation: You sometimes gain a little power by
                  | taking damage. [demonic ancestry]
   840 | D:1      | Reached XP level 3. HP: 24/24 MP: 4/6
  1139 | D:1      | Learned a level 3 spell: Stone Arrow
  1201 | D:2      | Noticed Sigmund
  1211 | D:2      | Killed Sigmund
  1212 | D:2      | Gained mutation: You are partially covered in razor-sharp
                  | scales. (AC +1, Slay +1) [demonic ancestry]
  1212 | D:2      | Reached XP level 4. HP: 30/30 MP: 1/9
  1212 | D:2      | Gained mutation: You have large cloven feet. [demonic
                  | ancestry]
  1212 | D:2      | Reached XP level 5. HP: 35/35 MP: 1/10
  1331 | D:2      | Noticed Jessica
  1341 | D:2      | Killed Jessica
  2019 | D:2      | Identified the +5 long sword of a wizard's laboratory
                  | {freeze, rC++ Will+}
  2082 | D:2      | Found a runed translucent door.
  2083 | D:2      | Noticed Crazy Yiuf
  2421 | D:3      | Found a basalt altar of Yredelemnul.
  2436 | D:3      | Reached XP level 6. HP: 42/42 MP: 1/12
  2769 | D:3      | Noticed Natasha
  2773 | D:3      | Killed Natasha
  4240 | D:4      | HP: 2/42 [burnt (6)]
  4241 | D:4      | Incinerated by a bombardier beetle

Illustrated notes

Levels and vault maps discovered:
D:1:      spicycebolla_green_bress_n_ham_2, layout_basic
D:2:      layout_loops_ring, minivault_5, uniq_sigmund, uniq_jessica,
          uniq_crazy_yiuf_cottage
D:3:      layout_loops_ring, yredelemnul_altar_generic,
          kennysheep_generic_room_8, uniq_natasha
D:4:      layout_loops_corners, okawaru_metal_pillars_1_2,
          dreamdust_princess_bridge, uniq_eustachio

Skill      XL: |  1  2  3  4  5 |
---------------+----------------+-----
Stealth        | 2 |  2.9
Earth Magic    | 3 4 |  4.5
Dodging        | 2 |  2.3
Spellcasting   | 3 4 |  4.6
Fighting       | |  0.6
Short Blades   | |  0.8
Conjurations   | |  1.1

Action                     |  1- 3 |  4- 6 || total
---------------------------+-------+-------++-------
  Melee: Dagger            |    27 |    26 ||    53
         Punch             |     1 |       ||     1
         Kick              |       |     4 ||     4
   Cast: Sandblast         |    36 |    67 ||   103
         Stone Arrow       |     1 |     2 ||     3
    Use: Scroll            |       |     7 ||     7
         Potion            |       |     2 ||     2
   Stab: Sleeping          |       |     7 ||     7
 Armour: Robe              |    22 |    33 ||    55
  Dodge: Dodged            |    41 |    43 ||    84
